 Dungeon Crawl Stone Soup version 0.28-a0-821-g923ab73998 (webtiles) character file.

Game seed: 7336153909262108846

5032 MacCMillion the Geomancer (level 10, -2/94 HPs)
             Began as a Troll Earth Elementalist on Nov 8, 2021.
             Was a Follower of Kikubaaqudgha.
             Succumbed to a hornet's poison
             ... on level 8 of the Dungeon on Nov 9, 2021.
             The game lasted 00:44:05 (9152 turns).

MacCMillion the Geomancer (TrEE)                    Turns: 9152, Time: 00:44:06

Health: -2/94      AC:  5    Str: 26    XL:     10   Next: 30%
Magic:  12/12      EV:  9    Int: 12    God:    Kikubaaqudgha [*.....]
Gold:   427        SH:  0    Dex: 10    Spells: 3/13 levels left

rFire   . . .      SeeInvis .     - Unarmed
rCold   . . .      Faith    .   (no shield)
rNeg    . . .      Spirit   .   b - +1 robe
rPois   .          Reflect  .   (helmet restricted)
rElec   .          Harm     .   (no cloak)
rCorr   .          Rampage  .   (gloves unavailable)
Will    .....                   (boots unavailable)
Stlth   +.........              a - amulet of regeneration
HPRegen 2.25/turn               n - ring of wizardry
MPRegen 0.13/turn               o - +6 ring of strength

@: mighty, lethally poisoned (-2 -> -9), slowed, very slow
A: large, unfitting armour, claws 3, regeneration 1, shaggy fur 1, tough skin 1
a: Renounce Religion, Receive Corpses


You were on level 8 of the Dungeon.
You worshipped Kikubaaqudgha.
Kikubaaqudgha was aware of your devotion.
You visited 2 branches of the dungeon, and saw 11 of its levels.
You also visited: Sewer.

You collected 427 gold pieces.

Inventory:

Hand Weapons
 k - a +0 mace
 r - a +1 whip of draining
 z - a +0 giant spiked club
Missiles
 c - 236 stones
 J - 3 silver javelins
 K - an atropa-tipped dart
Armour
 b - a +1 robe (worn)
Magical Staves
 g - a staff of earth
Jewellery
 a - an amulet of regeneration (around neck)
 f - an amulet of magic regeneration
 n - a ring of wizardry (left claw)
 o - a +6 ring of strength (right claw)
 E - a +6 ring of strength
 M - a +6 ring of strength
Wands
 A - a wand of paralysis (17)
Scrolls
 j - a scroll of enchant weapon {unknown}
 m - 2 scrolls of vulnerability {unknown}
 q - a scroll of noise {unknown}
 u - 3 scrolls of blinking {unknown}
 w - 3 scrolls of immolation {unknown}
 x - a scroll of identify
 y - 5 scrolls of acquirement {unknown}
 F - a scroll of holy word {unknown}
 G - a scroll of brand weapon {unknown}
 H - 2 scrolls of amnesia {unknown}
 I - a scroll of enchant armour
 L - a scroll of torment {unknown}
Potions
 d - 3 potions of flight
 e - 3 potions of degeneration
 h - 4 potions of invisibility
 i - a potion of cancellation {unknown}
 p - a potion of heal wounds
 s - 4 potions of haste
 t - 3 potions of might
 v - a potion of resistance {unknown}
 B - 2 potions of attraction {unknown}
 C - a potion of berserk rage {unknown}
 D - 2 potions of curing {unknown}


   Skills:
 + Level 4.8 Fighting
 - Level 1.5 Dodging
 - Level 1.0 Stealth
 - Level 7.0 Unarmed Combat
 + Level 2.0 Spellcasting
 + Level 0.3 Necromancy
 + Level 0.9 Transmutations
 - Level 11.2 Earth Magic


You had 3 spell levels left.
You knew the following spells:

 Your Spells              Type           Power      Damage    Failure   Level
a - Sandblast             Erth           56%        2d13      1%          1
b - Passwall              Tmut/Erth      12%        N/A       1%          2
c - Stone Arrow           Conj/Erth      28%        3d8       3%          3
d - Petrify               Tmut/Erth      15%        N/A       9%          4

Your spell library contained the following spells:

 Spells                   Type           Power      Damage    Failure   Level
 Sting                    Tmut/Pois      8%         1d3       9%          1
 Pain                     Necr           8%         1d4       10%         1
 Summon Small Mammal      Summ           4%         N/A       11%         1
 Sublimation of Blood     Necr           2%         N/A       14%         2
 Corpse Rot               Necr/Air       2%         N/A       16%         2
 Poisonous Vapours        Pois/Air       2%         N/A       16%         2
 Scorch                   Fire           2%         2d5       16%         2
 Vampiric Draining        Necr           2%         2d6       26%         3
 Call Canine Familiar     Summ           1%         N/A       32%         3
 Mephitic Cloud           Conj/Pois/Air  1%         N/A       32%         3
 Portal Projectile        Hex/Tloc       2%         N/A       32%         3
 Summon Guardian Golem    Hex/Summ       1%         N/A       32%         3
 Animate Armour           Summ/Erth      28%        N/A       11%         4
 Leda's Liquefaction      Hex/Erth       7%         N/A       11%         4
 Olgreb's Toxic Radiance  Pois           1%         N/A       69%         4
 Sticky Flame             Conj/Fire      1%         2d3       69%         4
 Agony                    Necr           2%         N/A       92%         5
 Excruciating Wounds      Necr           1%         N/A       92%         5
 Lehudib's Crystal Spear  Conj/Erth      7%         10d3      100%        8


Dungeon Overview and Level Annotations

Branches:
Dungeon (10/15)            Temple (1/1) D:6           Sewer (visited)
   Lair: D:8-11         Orc: D:9-12

Altars:
Ashenzari
Cheibriados
Dithmenos
Elyvilon
Fedhas
Gozag
Hepliaklqana
Kikubaaqudgha
Makhleb
Nemelex Xobeh
Okawaru
Qazlal
Ru
Sif Muna
Trog
Uskayaw
Vehumet
Wu Jian
Xom
Yredelemnul
Zin
The Shining One

Shops:
D:6 :   D:9 (

Annotations:
D:8 1 runed translucent door, Joseph; anet's ghost, novice DECj


Innate Abilities, Weirdness & Mutations

You are too large for most types of armour.
You have claws for hands.
Your natural rate of healing is unusually fast.
You are covered in fur. (AC +1)
You have tough skin. (AC +1)


Message History

The hornet is moderately wounded.
You feel very sick. The hornet stings you!
You are more poisoned.
You feel as though you will be slow longer.
The hornet stings you.
You are more poisoned.
You feel as though you will be slow longer.
It was a potion of might.
You feel very mighty all of a sudden.
You feel extremely sick. The hornet barely misses you. x2
You claw the hornet!
The hornet is severely wounded.
You feel very sick. The hornet barely misses you. x2
You miss the hornet.
The hornet is severely wounded.
You feel very sick. The hornet stings you!
* * * LOW HITPOINT WARNING * * *
You are more poisoned.
You suddenly lose the ability to move!
The hornet stings you!
* * * LOW HITPOINT WARNING * * *
You are lethally poisoned!
You feel as though you will be slow longer.
* * * LOW HITPOINT WARNING * * *
You feel extremely sick.
The hornet stings you but does no damage.
You can move again.
You feel much better.
You feel extremely sick.
The hornet stings you but does no damage.
The hornet stings you!
* * * LOW HITPOINT WARNING * * *
You shrug off the repeated paralysis!
You barely miss the hornet.
The hornet is heavily wounded.
You die...
Kikubaaqudgha rasps: "You have failed me!
Welcome... death!"

#.##..........#
#.##..######.##
#.##..# #.#
#..#..######.#
##.#.........#
#)#.#########
#...# ########
##..# ...c....
#.@# ...c.{..
##y# ........
#.# #####...
#.## ∩.∩.#...
#(.# ..).#...
#(.# ..:(#...
##.## ....#...
#..# .P.P#...
#..##


You could see a hornet.

Vanquished Creatures
  A two-headed ogre (D:8)
  A hornet (D:8)
  Eustachio (D:4)
  5 yaks (D:9)
  Grum (D:8)
  Edmund (D:5)
  A water moccasin (D:7)
  An ice beast (D:6)
  3 black bears
  An orc warrior (D:6)
  A hornet zombie (D:6)
  A necrophage (D:6)
  2 sky beasts
  3 ogres
  2 wolves (D:8)
  5 centaurs
  A bullfrog (D:6)
  2 kobold brigands (Sewer)
  A wyvern zombie (D:6)
  3 scorpions (D:5)
  A howler monkey (D:7)
  3 centaur zombies
  2 hounds
  A gnoll shaman (D:7)
  6 orc priests
  3 bullfrog skeletons
  2 iguanas
  5 orc wizards
  A killer bee zombie (D:5)
  4 gnolls (D:7)
  7 adders
  7 river rats (Sewer)
  A white imp (D:7)
  2 ufetubi
  A worm (D:5)
  17 orcs
  3 bats
  7 endoplasms
  2 giant cockroaches
  6 goblins
  5 hobgoblins
  11 jackals
  6 quokkas
  16 ball pythons
  3 frilled lizards
  16 kobolds
  20 rats
195 creatures vanquished.

Vanquished Creatures (others)
  8 plants
8 creatures vanquished.

Grand Total: 203 creatures vanquished

Notes
Turn   | Place    | Note
-------+----------+-------------------------------------------
     0 | D:1      | MacCMillion the Troll Earth Elementalist began the quest
                  | for the Orb.
     0 | D:1      | Reached XP level 1. HP: 16/16 MP: 1/1
   106 | D:1      | Noticed a snapping turtle
   106 | D:1      | Noticed a water moccasin
   106 | D:1      | Noticed a rime drake
   107 | D:1      | Noticed a redback
   107 | D:1      | Noticed a lindwurm
   141 | D:1      | Reached skill level 1 in Unarmed Combat
   171 | D:1      | Reached XP level 2. HP: 25/26 MP: 2/2
   249 | D:1      | Found a faded altar of an unknown god.
   724 | D:1      | Reached skill level 1 in Fighting
   927 | D:2      | Reached XP level 3. HP: 33/33 MP: 3/3
  2656 | D:4      | Reached XP level 4. HP: 41/41 MP: 4/4
  2884 | D:4      | Noticed Eustachio
  2897 | D:4      | Killed Eustachio
  2898 | D:4      | Reached skill level 3 in Earth Magic
  2898 | D:4      | Reached XP level 5. HP: 44/50 MP: 2/5
  2898 | D:4      | Reached XP level 6. HP: 52/58 MP: 2/6
  2988 | D:4      | Found a glowing drain.
  2992 | Sewer    | Entered a sewer
  3192 | Sewer    | Reached skill level 5 in Unarmed Combat
  3267 | Sewer    | Reached skill level 4 in Earth Magic
  3337 | Sewer    | Reached XP level 7. HP: 57/67 MP: 7/7
  3613 | Sewer    | Learned a level 2 spell: Passwall
  3617 | Sewer    | Learned a level 3 spell: Stone Arrow
  3960 | D:4      | Got the Guide on Feathery Fire
  4068 | D:5      | Entered Level 5 of the Dungeon
  4330 | D:5      | Reached skill level 5 in Earth Magic
  4338 | D:5      | HP: 1/67 [orc/bolt of acid (38)]
  4509 | D:5      | Noticed Edmund
  4519 | D:5      | Killed Edmund
  4535 | D:5      | Reached XP level 8. HP: 65/75 MP: 6/8
  4843 | D:6      | Found Kisyco's Book Boutique.
  4855 | D:6      | Reached skill level 6 in Earth Magic
  4984 | D:6      | Reached skill level 7 in Earth Magic
  5353 | D:6      | Reached skill level 8 in Earth Magic
  5390 | D:6      | Reached XP level 9. HP: 52/81 MP: 9/9
  5710 | D:6      | Found a staircase to the Ecumenical Temple.
  5716 | Temple   | Entered the Ecumenical Temple
  6021 | Temple   | Became a worshipper of Kikubaaqudgha
  6322 | D:7      | Reached skill level 9 in Earth Magic
  6505 | D:7      | You fall into a shaft and drop 3 floors!
  6505 | D:10     | Entered Level 10 of the Dungeon
  6664 | D:8      | Reached skill level 10 in Earth Magic
  6744 | D:8      | Noticed Grum
  6904 | D:7      | Upgraded the game from 0.28-a0-819-g6ef7baa362 to
                  | 0.28-a0-821-g923ab73998
  7139 | D:7      | Found a broken altar of Ashenzari.
  7613 | D:8      | Found a runed translucent door.
  7613 | D:8      | Noticed anet's ghost (novice DECj)
  7688 | D:8      | Noticed a two-headed ogre
  7710 | D:7      | Learned a level 4 spell: Petrify
  7783 | D:8      | Killed a two-headed ogre
  7784 | D:8      | Reached XP level 10. HP: 92/92 MP: 5/12
  7953 | D:8      | Noticed Joseph
  8159 | D:9      | Reached skill level 11 in Earth Magic
  8199 | D:9      | Reached * piety under Kikubaaqudgha
  8199 | D:9      | Received a gift from Kikubaaqudgha
  8249 | D:9      | Found Apuesyn's Weapon Shoppe.
  8411 | D:9      | Identified the +5 arbalest "Susm" {venom, Dex+3}
  8429 | D:9      | Noticed a tengu warrior
  8567 | D:10     | Noticed a gargoyle
  8594 | D:9      | Noticed a skeletal warrior
  9118 | D:8      | Killed Grum
  9142 | D:8      | Paralysed by a hornet for 2 turns
  9149 | D:8      | Paralysed by a hornet for 2 turns
  9151 | D:8      | HP: 2/94 [hornet (16)]
  9152 | D:8      | Succumbed to a hornet's poison

Illustrated notes

Levels and vault maps discovered:
D:1:      onia_arrival_zoo_common, layout_basic, ebering_ecumenical_altar_hall,
          serial_forest, infiniplex_forest_clump_cross,
          infiniplex_forest_fountain, infiniplex_forest_end_3,
          infiniplex_forest_lined_room_2, infiniplex_forest_end_3,
          infiniplex_forest_clump_diagonal, infiniplex_forest_end_2,
          infiniplex_forest_side_room, infiniplex_forest_lined_room_3,
          infiniplex_forest_lined_3_way
D:2:      layout_loops_corners, kennysheep_big_empty_room
D:3:      layout_basic, minmay_misc_feat_more_columns,
          kennysheep_generic_room_14
D:4:      layout_gridville, gup_sewer_entry_spiral, st_stairs_2, uniq_eustachio
D:5:      layout_basic, serial_curves, eino_curves_02, eino_curves_02,
          eino_curves_02, eino_curves_01, uniq_edmund
D:6:      layout_cave_pods, minmay_temple_entry_proselytizer, serial_shops, shop
D:7:      layout_basic, cheibrodos_ashenzari_chains
D:8:      layout_basic, hellmonk_ghost_big_iron, uniq_grum, uniq_joseph
D:9:      layout_cave_pools, serial_shops, nicolae_shop_waterfront,
          kennysheep_nub, dk_noncrumbling_3, minmay_fractal_squares_gapless_7
D:10:     layout_cave_pools, erik_lair_dragon, serial_park, serial_park_square2,
          serial_park_square1 [serial_park_minivault_5x5_6], serial_park_square1
          [serial_park_minivault_5x5_1]
Temple:   regret_index_temple_sigil_plot

Skill      XL: |  1  2  3  4  5  6  7  8  9 10 |
---------------+-------------------------------+-----
Unarmed Combat | 1 2 3 4 5 6 7 |  7.0
Fighting       | 1 2 3 4 |  4.8
Earth Magic    | 3 4 5 8 10 11 | 11.2
Spellcasting   | 2 |  2.0
Dodging        | |  1.5
Stealth        | |  1.0
Necromancy     | |  0.3
Transmutations | |  0.9

Action                   |  1- 3 |  4- 6 |  7- 9 | 10-12 || total
-------------------------+-------+-------+-------+-------++-------
Melee: Unarmed           |   152 |   178 |   290 |   110 ||   730
       Punch             |     2 |       |     8 |     2 ||    12
Throw: Javelin           |       |       |     3 |     2 ||     5
       Dart              |       |       |       |     2 ||     2
 Cast: Sandblast         |       |     2 |     5 |     5 ||    12
       Stone Arrow       |       |       |    14 |     3 ||    17
       Petrify           |       |       |     2 |     5 ||     7
       Passwall          |       |       |       |     3 ||     3
  Use: Scroll            |     2 |       |     6 |     3 ||    11
       Potion            |       |       |     1 |     4 ||     5
 Stab: Sleeping          |     6 |     1 |       |       ||     7
       Petrified         |       |       |     8 |       ||     8
       Invisible         |       |       |       |     1 ||     1
Armor: Robe              |    63 |    96 |   107 |    15 ||   281
Dodge: Dodged            |    83 |   134 |   125 |    45 ||   387

Table legend: (Time is in decaauts)
 A = Elapsed time spent in this place.
 B = Non-inter-level travel time spent in this place.
 C = Inter-level travel time spent in this place.
 D = Time resting spent in this place.
 E = Time spent auto-exploring this place.
 F = Levels seen in this place.
 G = Mean time per level.
                   A        B        C        D        E       F      G
               +--------+--------+--------+--------+--------+-----+--------+
         Total |   9153 |   8888 |    265 |    475 |   5648 |  12 |  762.8 |
       Dungeon |   8160 |   7916 |    244 |    475 |   4981 |  10 |  816.0 |
        Temple |    333 |    312 |     21 |      0 |    245 |   1 |  333.0 |
         Sewer |    658 |    658 |      0 |      0 |    422 |   1 |  658.0 |
               +--------+--------+--------+--------+--------+-----+--------+

Top non-repeatable levels by time:
     D:6: 1129 daAuts
     D:9: 1040 daAuts
     D:7: 983 daAuts
     D:1: 915 daAuts
     D:3: 898 daAuts
     D:2: 828 daAuts
     D:4: 804 daAuts
     D:8: 758 daAuts
     D:5: 715 daAuts
   Sewer: 658 daAuts
  Temple: 333 daAuts
    D:10: 85 daAuts
